cohdb
Replays
Latest Replays
All Replays
Popular Replays
Top Player Replays
Match Explorer
How It Works
Community
CoH3 Stats
Reddit
Sign in to upload your games and track your stats! →
Sign in with Steam
Match 38968961
Unlisted
Match 38968961
Overview
Messages
Build Orders
End
Kradschützen Motorcycle Team
Panzergrenadier Squad
250 Light Carrier
Panzergrenadier Squad
Construct Light Support Kompanie
Combat Half-tracks
Fire Support Elements
Panzerjäger Squad
Assault Grenadier Squad
Advanced Field Repairs
Selects Battlefield Espionage Battlegroup
Selects Sector Subterfuge Beacon
Selects Plunder
Selects 250/3 Funkpanzerwagen
MG34 Team
Construct Panzerarmee Kommand
Panzergrenadier Squad
Veteran Squad Leaders
Tungsten Core Ammunition
Panzer III L Medium Tank
Selects Anti-Tank Incendiary Munitions
Flak 36 Anti-tank Gun Team
Emergency Repair Kits
Selects Firestorm
Selects Operation Skorpion
Firestorm
le.IG 18 Mechanized Group
Flakvierling Half-track
2.5-tonne Medical Truck
Firestorm
Operation Skorpion
Tenshi
Mengster
BIOHAZARD
Sauzer88
0
0
Comments
sign in to comment!
No comments posted yet!